 Dungeon Crawl Stone Soup version 0.30-a0-4-ga7cffc901d (webtiles) character file.

Game seed: 289107672843724051

61 Setbun the Sneak (level 4, -1/24 HPs)
             Began as a Kobold Brigand on Aug 20, 2022.
             Succumbed to an orc's poison
             ... on level 3 of the Dungeon.
             The game lasted 00:02:20 (2316 turns).

Setbun the Sneak (Kobold Brigand)                   Turns: 2316, Time: 00:02:21

Health: -1/24      AC:  3    Str:  8    XL:     4   Next: 27%
Magic:  4/4        EV: 14    Int: 12    God:
Gold:   123        SH:  0    Dex: 16    Spells: 3/3 levels left

rFire   . . .      SeeInvis .    a - +2 dagger
rCold   . . .      Faith    .    (no shield)
rNeg    . . .      Spirit   .    b - +0 robe
rPois   .          Reflect  .    (no helmet)
rElec   .          Harm     .    c - +0 cloak
rCorr   .          Rampage  .    (no gloves)
Will    .....                    (no boots)
Stlth   ++++......               (no amulet)
HPRegen 0.08/turn                (no ring)
MPRegen 0.09/turn                (no ring)

@: lethally poisoned (-1 -> -10)
A: small, no large weapons, nightstalker 3, clumsy 1, frail 1, noise suppression
a: no special abilities


You were on level 3 of the Dungeon.
You visited 1 branch of the dungeon, and saw 3 of its levels.

You collected 123 gold pieces.

Inventory:

Hand Weapons
 a - a +2 dagger (weapon)
Missiles
 d - 7 poisoned darts (quivered)
 e - 3 curare-tipped darts
Armour
 b - a +0 robe (worn)
 c - a +0 cloak (worn)
Jewellery
 n - a +4 ring of evasion
Scrolls
 f - 3 scrolls of identify {unknown}
 h - 2 scrolls of amnesia {unknown}
 i - a scroll of enchant armour {unknown}
 j - a scroll of teleportation {unknown}
 k - a scroll of brand weapon {unknown}
 q - a scroll of immolation {unknown}
 s - a scroll of butterflies {unknown}
 t - a scroll of noise {unknown}
Potions
 g - a potion of mutation
 l - 2 potions of curing {unknown}
 m - 2 potions of brilliance {unknown}
 o - a potion of berserk rage {unknown}
 p - 2 potions of invisibility {unknown}
 r - a potion of heal wounds {unknown}


   Skills:
 + Level 2.7 Fighting
 * Level 3.7 Short Blades
 * Level 3.1 Throwing
 + Level 1.7 Dodging
 + Level 5.7 Stealth


You had 3 spell levels left.
You didn't know any spells.
Your spell library contained the following spells:

 Spells                   Type           Power      Damage    Failure   Level
 Freeze                   Ice            0%         1d3       32%         1
 Magic Dart               Conj           0%         1d3       32%         1
 Poisonous Vapours        Pois/Air       0%         N/A       45%         2
 Searing Ray              Conj           0%         2d4       45%         2
 Frozen Ramparts          Ice            0%         1d1       69%         3
 Corpse Rot               Necr/Pois/Air  0%         N/A       97%         4
 Fulminant Prism          Conj/Hex       0%         3d6       97%         4
 Hailstorm                Conj/Ice       0%         3d3       97%         4


Dungeon Overview and Level Annotations

Branches:
Dungeon (3/15)

Altars:


Innate Abilities, Weirdness & Mutations

You are small and have problems with some larger weapons.
You are completely attuned to the shadows.
You are clumsy. (Dex -2)
You are frail. (-10% HP)
You passively dampen the noise of your surroundings.


Message History

You are too injured to fight recklessly!
You are too injured to fight recklessly!
You are too injured to fight recklessly!
You are too injured to fight recklessly!
There are monsters nearby!
Unknown command.
Throw: 8 darts (poison)
Press: ? - help, Q - select action, (/) - cycle Shift-Dir - straight line, f - orc
Aim: an orc, wielding a +0 dagger of venom (63% to hit)
You throw a poisoned dart. The poisoned dart hits the orc.
The orc is poisoned.
You feel sick. The goblin closely misses you.
The orc hits you with a +0 dagger of venom.
You are more poisoned.
The frilled lizard bites you.
A kobold comes into view. It is wielding a +0 short sword.
Unknown command.
You hit the frilled lizard.
You kill the frilled lizard!
* * * LOW HITPOINT WARNING * * *
You feel sick.
* * * LOW HITPOINT WARNING * * *
You feel sick. The goblin completely misses you.
You see here a frilled lizard corpse.
The orc attacks as you move away! The orc closely misses you.
* * * LOW HITPOINT WARNING * * *
You feel sick. The goblin barely misses you.
The goblin attacks as you move away! The goblin hits you but does no damage.
The orc attacks as you move away!
The orc hits you with a +0 dagger of venom.
* * * LOW HITPOINT WARNING * * *
You are more poisoned.
* * * LOW HITPOINT WARNING * * *
You feel very sick.
The goblin unwields a +0 club.
The goblin wields a +0 sling.
The goblin shoots a sling bullet.
The sling bullet hits you but does no damage.
It was a potion of mutation.
You feel extremely strange.
You feel your surroundings grow quieter.
You feel clumsy.
You feel frail.
You die...

##.# #.#
##..... #.##
#.# ##....
####..###.#
#...#
#.........#
###..
#........##
##.
#........# #.
#####....###
##
########.....
.#
....@o†.(....
..
......g.K?...
.#
.............
.
..........#..
# ..........#
# . #


You could see an orc (poisoned), a goblin and a kobold.

Vanquished Creatures
  An adder (D:3)
  3 dart slugs
  4 ball pythons
  5 bats
  3 endoplasms (D:1)
  A giant cockroach (D:1)
  2 goblins (D:1)
  3 hobgoblins (D:1)
  5 jackals
  2 quokkas (D:1)
  7 frilled lizards
  2 kobolds (D:1)
  7 rats
45 creatures vanquished.

Vanquished Creatures (others)
  A kobold (D:1)
  2 plants (D:1)
3 creatures vanquished.

Grand Total: 48 creatures vanquished

Notes
Turn   | Place    | Note
-------+----------+-------------------------------------------
     0 | D:1      | Setbun the Kobold Brigand began the quest for the Orb.
     0 | D:1      | Reached XP level 1. HP: 12/12 MP: 1/1
   584 | D:1      | Found a faded altar of an unknown god.
   595 | D:1      | Reached XP level 2. HP: 17/17 MP: 2/2
   863 | D:1      | Reached XP level 3. HP: 22/22 MP: 3/3
  2156 | D:3      | Reached XP level 4. HP: 27/27 MP: 4/4
  2315 | D:3      | HP: 1/27 [poisoned by an orc]
  2316 | D:3      | Gained mutation: You passively dampen the noise of your
                  | surroundings. [potion of mutation]
  2316 | D:3      | Gained mutation: You are clumsy. (Dex -2) [potion of
                  | mutation]
  2316 | D:3      | Gained mutation: You are frail. (-10% HP) [potion of
                  | mutation]
  2316 | D:3      | Succumbed to an orc's poison

Illustrated notes

Levels and vault maps discovered:
D:1:      wander_arrival_lonely_grave, layout_rooms, serial_forest,
          infiniplex_forest_pool, infiniplex_forest_end_double,
          infiniplex_forest_clump_small, infiniplex_forest_lined_corner,
          infiniplex_forest_straight_1, infiniplex_forest_3_way,
          infiniplex_forest_diagonal, ebering_ecumenical_altar_sacrificial,
          lemuel_flame_loot_1
D:2:      layout_basic
D:3:      layout_rooms

Skill      XL: |  1  2  3 |
---------------+----------+-----
Short Blades   | 3 |  3.7
Throwing       | 3 |  3.1
Fighting       | |  2.7
Dodging        | |  1.7
Stealth        | |  5.7

Action                   |  1- 3 |  4- 6 || total
-------------------------+-------+-------++-------
Melee: Dagger            |    74 |    13 ||    87
       Punch             |     1 |       ||     1
Throw: Dart              |    24 |     1 ||    25
  Use: Potion            |       |     1 ||     1
 Stab: Sleeping          |    15 |     4 ||    19
Armor: Robe              |    20 |     6 ||    26
Dodge: Dodged            |    42 |    15 ||    57

Table legend: (Time is in decaauts)
 A = Elapsed time spent in this place.
 B = Non-inter-level travel time spent in this place.
 C = Inter-level travel time spent in this place.
 D = Time resting spent in this place.
 E = Time spent auto-exploring this place.
 F = Levels seen in this place.
 G = Mean time per level.
                   A        B        C        D        E       F      G
               +--------+--------+--------+--------+--------+-----+--------+
         Total |   2298 |   2284 |     14 |    426 |   1589 |   3 |  766.0 |
       Dungeon |   2298 |   2284 |     14 |    426 |   1589 |   3 |  766.0 |
               +--------+--------+--------+--------+--------+-----+--------+

Top non-repeatable levels by time:
     D:1: 1450 daAuts
     D:2: 638 daAuts
     D:3: 209 daAuts
